 Dungeon Crawl Stone Soup version 0.22-a0-247-gbddf880 (webtiles) character file.

6299 wolfsongas the Quickloader (level 10, -1/79 HPs)
             Began as a Gnoll Hunter on Feb 23, 2018.
             Was an Initiate of Gozag.
             Slain by a wolf (6 damage)
             ... led by Grum
             ... on level 8 of the Dungeon.
             The game lasted 00:18:39 (9342 turns).

wolfsongas the Quickloader (Gnoll Hunter)           Turns: 9342, Time: 00:18:39

Health: -1/79      AC: 19    Str: 24      XL:     10   Next: 95%
Magic:  0/18       EV: 21    Int: 17 (20) God:    Gozag
Gold:   435        SH:  0    Dex: 21      Spells: 20/20 levels left

rFire    . . .     SeeInvis .   a - +0 dagger (flame)
rCold    . . .     Gourm    .   (no shield)
rNeg     . . .     Faith    .   t - +1 chain mail of the Secret Coins {Int+7}
rPois    .         Spirit   +   j - +2 hat
rElec    .         Reflect  .   p - +0 cloak
rCorr    .         Harm     .   (no gloves)
MR       .....     Clarity  +   r - +2 pair of boots
Stlth    ++........             k - amulet of guardian spirit
HPRegen  0.23/turn              y - +6 ring of strength
MPRegen  0.16/turn              i - +3 ring of evasion

@: agile, gold aura, very slightly contaminated, hasted, very quick
A: distributed training, fangs 1, slimy green scales 1, clarity, evolution 1,
MP-powered wands, strong nose
a: Potion Petition, Call Merchant, Bribe Branch, Renounce Religion


You were on level 8 of the Dungeon.
You worshipped Gozag.
Gozag was aware of your devotion.
You were not hungry.

You visited 1 branch of the dungeon, and saw 9 of its levels.

You collected 753 gold pieces.
You spent 228 gold pieces at shops.
You paid 90 gold pieces to Gozag.

Inventory:

Hand Weapons
 a - a +0 dagger of flaming (weapon)
 b - a +2 hand crossbow of freezing
Armour
 j - a +2 hat (worn)
 p - a +0 cloak (worn)
 r - a +2 pair of boots (worn)
 t - the +1 chain mail of the Secret Coins (worn) {Int+7}
   (You bought it in a shop on level 4 of the Dungeon)

   It affects your intelligence (+7).
Jewellery
 e - an uncursed ring of protection from fire
 i - a +3 ring of evasion (right hand)
 k - an amulet of guardian spirit (around neck)
 n - an uncursed ring of protection from fire
 y - a +6 ring of strength (left hand)
Wands
 c - a wand of random effects (23)
 u - a wand of acid (7)
 z - a wand of iceblast (6)
Scrolls
 h - 3 scrolls of remove curse
 l - 2 scrolls of amnesia
 m - 2 scrolls of enchant weapon
 q - a scroll of identify
Potions
 g - a potion of lignification
 w - a potion of flight
 A - a potion of cancellation
Comestibles
 f - 7 rations


   Skills:
 + Level 7.3 Fighting
 + Level 5.6 Short Blades
 + Level 5.6 Long Blades
 + Level 5.6 Axes
 + Level 5.6 Maces & Flails
 + Level 5.6 Polearms
 + Level 5.6 Staves
 + Level 5.6 Slings
 + Level 5.6 Bows
 + Level 10.2 Crossbows
 + Level 5.6 Throwing
 + Level 5.6 Armour
 + Level 7.3 Dodging
 + Level 6.2 Stealth
 + Level 5.6 Shields
 + Level 5.6 Unarmed Combat
 + Level 5.6 Spellcasting
 + Level 4.6 Conjurations
 + Level 4.6 Hexes
 + Level 4.6 Charms
 + Level 4.6 Summonings
 + Level 4.6 Necromancy
 + Level 4.6 Translocations
 + Level 4.6 Transmutations
 + Level 4.6 Fire Magic
 + Level 4.6 Ice Magic
 + Level 4.6 Air Magic
 + Level 4.6 Earth Magic
 + Level 4.6 Poison Magic
 + Level 6.2 Invocations
 + Level 5.6 Evocations


You had 20 spell levels left.
You didn't know any spells.

Dungeon Overview and Level Annotations

Branches:
Dungeon (9/15)
 Temple: D:4-7         Lair: D:8-11         Orc: D:9-12

Altars:
Cheibriados
Dithmenos
Elyvilon
Gozag
Makhleb
Nemelex Xobeh
Qazlal
Ru
Sif Muna
Trog
Yredelemnul
Zin
The Shining One

Shops:
D:4 *   D:6 =

Annotations:
D:9 Grum


Innate Abilities, Weirdness & Mutations

Your experience applies equally to all skills.
You have very sharp teeth.
Your uncanny sense of smell can sniff out nearby items.
You are partially covered in slimy green scales. (AC +2)
You possess an exceptional clarity of mind.
You evolve.
You expend magic power (3 MP) to strengthen your wands.


Message History

You closely miss the wolf.
The wolf is lightly wounded.
You hit the wolf. You burn the wolf. You bite the wolf, but do no damage.
The wolf is moderately wounded.
The wolf closely misses you.
You hit the wolf. You burn the wolf. You bite the wolf, but do no damage.
The wolf is moderately wounded.
The wolf bites you!
* * * LOW HITPOINT WARNING * * *
You closely miss the wolf. You punch the wolf, but do no damage.
The wolf is moderately wounded.
The wolf completely misses you.
You hit the wolf but do no damage.
The wolf is moderately wounded.
The wolf closely misses you.
You hit the wolf. You burn the wolf.
The wolf is heavily wounded.
The wolf bites you!
You die...
Your body crumbles into a pile of gold.

#.##.#.# ##.....#.##....(.# #...
#.##.#.# ##...##.##.#.#..# ####
#......# ######.##......# #
####.### ##...##.##......# # #.#
##..............)###### ##.##
#..........(.#......... #...#
#...................... #.#.#
#...(......#.#.#....... #...#
##...h@....#.....######
####.########..$########.### #
#.......#.......##### #.# #
#.##.##.#.###(......# #.# #
#.##.##.#.###(......####.# ##
#.##..........#..........# #.
#.#####.#.#...#..##.############.
#.#####.#.#.#.>..##.# #.......
#.......#...........# #......(


You could see a wolf.

Vanquished Creatures
  A two-headed ogre (D:8)
  The ghost of Terrapin the Summoner, a novice BaSu of Wu Jian (D:8)
  An oklob plant (D:7)
  A troll (D:8)
  A queen bee (D:8)
  A hippogriff (D:8)
  Duvessa (D:7)
  2 black bears
  A hornet zombie (D:6)
  3 sky beasts
  An ice beast (D:5)
  An eye of draining (D:7)
  A necrophage (D:8)
  A phantom (D:3)
  4 ogres
  4 centaurs
  A wolf (D:8)
  A bullfrog (D:7)
  Dowan (D:7)
  A water moccasin zombie (D:8)
  2 scorpions (D:4)
  16 killer bees
  4 howler monkeys
  2 crimson imps
  4 hounds
  A jelly (D:5)
  Crazy Yiuf (D:2)
  6 orc priests
  A centaur skeleton (D:6)
  A gnoll shaman (D:4)
  An iguana (D:7)
  4 worker ants
  6 orc wizards
  A worker ant zombie (D:6)
  11 adders
  15 gnolls
  2 shadow imps
  An ooze (D:1)
  An adder skeleton (D:4)
  5 worms
  2 dart slugs
  2 leopard geckos
  16 orcs
  10 bats
  4 giant cockroaches
  7 goblins
  10 hobgoblins
  10 jackals
  4 quokkas (D:2)
  3 ball pythons
  3 frilled lizards
  9 kobolds
  A leopard gecko skeleton (D:4)
  A leopard gecko zombie (D:5)
  A quokka skeleton (D:7)
  19 rats
216 creatures vanquished.

Vanquished Creatures (collateral kills)
  A hippogriff (D:7)
1 creature vanquished.

Grand Total: 217 creatures vanquished

Notes
Turn   | Place    | Note
-------+----------+-------------------------------------------
     0 | D:1      | wolfsongas the Gnoll Hunter began the quest for the Orb.
     0 | D:1      | Reached XP level 1. HP: 20/20 MP: 1/1
    73 | D:1      | Reached XP level 2. HP: 26/26 MP: 2/2
   284 | D:1      | Reached XP level 3. HP: 31/31 MP: 3/3
   658 | D:1      | Reached skill level 1 in Invocations
   733 | D:1      | Reached skill level 1 in Short Blades
   733 | D:1      | Reached skill level 1 in Long Blades
   733 | D:1      | Reached skill level 1 in Axes
   733 | D:1      | Reached skill level 1 in Maces & Flails
   733 | D:1      | Reached skill level 1 in Polearms
   733 | D:1      | Reached skill level 1 in Staves
   733 | D:1      | Reached skill level 1 in Slings
   733 | D:1      | Reached skill level 1 in Bows
   733 | D:1      | Reached skill level 1 in Throwing
   733 | D:1      | Reached skill level 1 in Armour
   733 | D:1      | Reached skill level 1 in Shields
   733 | D:1      | Reached skill level 1 in Unarmed Combat
   733 | D:1      | Reached skill level 1 in Spellcasting
   733 | D:1      | Reached skill level 1 in Evocations
   733 | D:1      | Reached XP level 4. HP: 16/38 MP: 5/5
  1153 | D:2      | Reached skill level 1 in Conjurations
  1153 | D:2      | Reached skill level 1 in Hexes
  1153 | D:2      | Reached skill level 1 in Charms
  1153 | D:2      | Reached skill level 1 in Summonings
  1153 | D:2      | Reached skill level 1 in Necromancy
  1153 | D:2      | Reached skill level 1 in Translocations
  1153 | D:2      | Reached skill level 1 in Transmutations
  1153 | D:2      | Reached skill level 1 in Fire Magic
  1153 | D:2      | Reached skill level 1 in Ice Magic
  1153 | D:2      | Reached skill level 1 in Air Magic
  1153 | D:2      | Reached skill level 1 in Earth Magic
  1153 | D:2      | Reached skill level 1 in Poison Magic
  1244 | D:2      | Reached XP level 5. HP: 34/43 MP: 3/6
  1712 | D:2      | Found a runed door.
  1717 | D:2      | Noticed Crazy Yiuf
  1734 | D:2      | Killed Crazy Yiuf
  1997 | D:2      | Found a snail-covered altar of Cheibriados.
  2000 | D:2      | Found a basalt altar of Yredelemnul.
  2003 | D:2      | Found a stormy altar of Qazlal.
  2006 | D:2      | Found a sparkling altar of Nemelex Xobeh.
  2071 | D:2      | Reached XP level 6. HP: 45/50 MP: 6/8
  2346 | D:3      | Found a shadowy altar of Dithmenos.
  2546 | D:3      | Noticed a phantom
  2582 | D:3      | Killed a phantom
  2582 | D:3      | Reached skill level 5 in Fighting
  2582 | D:3      | Reached skill level 5 in Dodging
  2647 | D:3      | Gained mutation: You possess an exceptional clarity of mind. [potion of mutation]
  2647 | D:3      | Gained mutation: You expend magic power (3 MP) to strengthen your wands. [potion of mutation]
  2647 | D:3      | Gained mutation: You evolve. [potion of mutation]
  2858 | D:3      | Found a sacrificial altar of Ru.
  2858 | D:3      | Found a glowing golden altar of the Shining One.
  3147 | D:4      | Reached XP level 7. HP: 56/56 MP: 10/10
  3477 | D:4      | Gained mutation: You are partially covered in slimy green scales. (AC +2) [evolution]
  3626 | D:4      | Reached skill level 9 in Crossbows
  3665 | D:4      | Found Yhuseplyunu's Assorted Antiques.
  3860 | D:4      | Noticed a moth of wrath
  3863 | D:4      | Found a bloodstained altar of Trog.
  3880 | D:4      | Reached XP level 8. HP: 63/63 MP: 12/12
  3977 | D:5      | Entered Level 5 of the Dungeon
  4377 | D:5      | Found a burning altar of Makhleb.
  5212 | D:5      | Found a white marble altar of Elyvilon.
  5548 | D:6      | Found Joetaiv's Jewellery Shoppe.
  5738 | D:6      | Reached XP level 9. HP: 69/69 MP: 14/14
  5769 | D:6      | Found a snail-covered altar of Cheibriados.
  6025 | D:6      | Found an opulent altar of Gozag.
  6036 | D:6      | Became a worshipper of Gozag Ym Sagoz the Greedy
  6481 | D:4      | Bought a smoking chain mail for 228 gold pieces
  6491 | D:4      | Identified the +1 chain mail of the Secret Coins {Int+7} (You bought it in a shop on level 4 of the Dungeon)
  6781 | D:7      | Found an opulent altar of Gozag.
  6781 | D:7      | Noticed an oklob plant
  7376 | D:7      | Killed an oklob plant
  7376 | D:7      | Reached skill level 5 in Stealth
  7580 | D:7      | Found a deep blue altar of Sif Muna.
  7603 | D:7      | Reached skill level 5 in Invocations
  7691 | D:7      | Found a glowing silver altar of Zin.
  7691 | D:7      | Noticed an angel
  7776 | D:7      | Reached XP level 10. HP: 73/77 MP: 15/17
  8027 | D:7      | Noticed Duvessa
  8027 | D:7      | Noticed Dowan
  8033 | D:7      | Killed Duvessa
  8035 | D:7      | Killed Dowan
  8246 | D:8      | Noticed Terrapin's ghost (novice BaSu)
  8255 | D:8      | Killed Terrapin's ghost
  8255 | D:8      | Reached skill level 5 in Short Blades
  8255 | D:8      | Reached skill level 5 in Long Blades
  8255 | D:8      | Reached skill level 5 in Axes
  8255 | D:8      | Reached skill level 5 in Maces & Flails
  8255 | D:8      | Reached skill level 5 in Polearms
  8255 | D:8      | Reached skill level 5 in Staves
  8255 | D:8      | Reached skill level 5 in Slings
  8255 | D:8      | Reached skill level 5 in Bows
  8255 | D:8      | Reached skill level 5 in Throwing
  8255 | D:8      | Reached skill level 5 in Armour
  8255 | D:8      | Reached skill level 5 in Shields
  8255 | D:8      | Reached skill level 5 in Unarmed Combat
  8255 | D:8      | Reached skill level 5 in Spellcasting
  8255 | D:8      | Reached skill level 5 in Evocations
  8319 | D:8      | Reached skill level 10 in Crossbows
  9238 | D:9      | Noticed a two-headed ogre
  9293 | D:9      | Noticed Grum
  9333 | D:8      | Killed a two-headed ogre
  9342 | D:8      | Slain by a wolf

Vault maps used:
D:1:      minmay_arrival_up_and_down, serial_bayou_pond_c
D:2:      grunt_temple_overflow_cloverleaf, first_ration, minmay_vboxes,
          uniq_crazy_yiuf_cottage
D:3:      nicolae_dithmenos_shadow_blocks, gammafunk_temple_overflow_statue
D:4:      tgw_trog, minmay_temple_entry_from_below_a, serial_shops,
          kennysheep_little_box
D:5:      overflow_temple_1_default, nicolae_overflow_hidden_temple
D:6:      lemuel_round_altar, serial_shops, shop_statue, cheibrodos_worm_habitat
D:7:      kennysheep_mini_moat, zin_angel, serial_bayou_pond_e,
          lemuel_oklob_altar, uniq_duvessa
D:8:      david_nohive_1
D:9:      erik_orc_1, serial_shops, shop, uniq_grum

Skill      XL: |  1  2  3  4  5  6  7  8  9 10 |
---------------+-------------------------------+-----
Invocations    | 1 2 3 4 5 6 |  6.2
Short Blades   | 1 2 3 4 5 |  5.6
Long Blades    | 1 2 3 4 5 |  5.6
Axes           | 1 2 3 4 5 |  5.6
Maces & Flails | 1 2 3 4 5 |  5.6
Polearms       | 1 2 3 4 5 |  5.6
Staves         | 1 2 3 4 5 |  5.6
Slings         | 1 2 3 4 5 |  5.6
Bows           | 1 2 3 4 5 |  5.6
Throwing       | 1 2 3 4 5 |  5.6
Armour         | 1 2 3 4 5 |  5.6
Shields        | 1 2 3 4 5 |  5.6
Unarmed Combat | 1 2 3 4 5 |  5.6
Spellcasting   | 1 2 3 4 5 |  5.6
Evocations     | 1 2 3 4 5 |  5.6
Conjurations   | 1 2 3 4 |  4.6
Hexes          | 1 2 3 4 |  4.6
Charms         | 1 2 3 4 |  4.6
Summonings     | 1 2 3 4 |  4.6
Necromancy     | 1 2 3 4 |  4.6
Translocations | 1 2 3 4 |  4.6
Transmutations | 1 2 3 4 |  4.6
Fire Magic     | 1 2 3 4 |  4.6
Ice Magic      | 1 2 3 4 |  4.6
Air Magic      | 1 2 3 4 |  4.6
Earth Magic    | 1 2 3 4 |  4.6
Poison Magic   | 1 2 3 4 |  4.6
Stealth        | 3 4 5 6 |  6.2
Fighting       | 5 6 7 |  7.3
Dodging        | 5 6 7 |  7.3
Crossbows      | 9 10 | 10.2

Action                   |  1- 3 |  4- 6 |  7- 9 | 10-12 || total
-------------------------+-------+-------+-------+-------++-------
Melee: Dagger            |   107 |   209 |   225 |   216 ||   757
       Bite              |    14 |    21 |    28 |    19 ||    82
       Punch             |     1 |     1 |     8 |     8 ||    18
 Fire: Hand crossbow     |    26 |    55 |   250 |    44 ||   375
Invok: Potion Petition   |       |       |       |     1 ||     1
Evoke: Wand              |       |       |     9 |       ||     9
  Use: Scroll            |     7 |     4 |     8 |     4 ||    23
       Potion            |       |     2 |       |     9 ||    11
 Stab: Sleeping          |       |     4 |       |       ||     4
       Distracted        |       |     1 |       |       ||     1
       Paralysed         |       |       |     2 |       ||     2
       Invisible         |       |       |       |     7 ||     7
  Eat: Ration            |       |     2 |     4 |     1 ||     7
       Chunk             |       |     1 |     3 |       ||     4
Armor: Leather armour    |    37 |    25 |       |       ||    62
       Ring mail         |       |    15 |    43 |       ||    58
       Chain mail        |       |       |    49 |    67 ||   116
       Skin              |       |       |       |   214 ||   214
Dodge: Dodged            |   125 |   188 |   234 |   197 ||   744

Table legend:
 A = Spawn XP
 B = Non-spawn XP
 C = Spawn XP percentage of total XP
 D = Spawn monster count
 E = Non-spawn monster count
 F = Spawn count percentage of total count
 G = Total turns spent on level
                    A         B        C        D         E        F      G
               +---------+---------+-------+---------+---------+-------+---------
         Total |       0 |    8999 |   0.0 |       0 |     217 |   0.0 |  9342
               +---------+---------+-------+---------+---------+-------+---------
           D:1 |       0 |     114 |   0.0 |       0 |      34 |   0.0 |  1089
           D:2 |       0 |     206 |   0.0 |       0 |      39 |   0.0 |  1141
           D:3 |       0 |     269 |   0.0 |       0 |      23 |   0.0 |   912
           D:4 |       0 |     612 |   0.0 |       0 |      23 |   0.0 |   962
           D:5 |       0 |     852 |   0.0 |       0 |      17 |   0.0 |  1500
           D:6 |       0 |     804 |   0.0 |       0 |      27 |   0.0 |  1011
           D:7 |       0 |    2178 |   0.0 |       0 |      27 |   0.0 |  1505
           D:8 |       0 |    3964 |   0.0 |       0 |      27 |   0.0 |  1216
               +---------+---------+-------+---------+---------+-------+---------
